 Dungeon Crawl Stone Soup version 0.16-a0-113-gc8d9654 (webtiles) character file.

1792 Crauler the Basher (level 9, -13/93 HPs)
             Began as an Ogre Berserker on Aug 11, 2014.
             Was a High Priest of Trog.
             Killed from afar by an electric eel (14 damage)
             ... with a bolt of electricity
             ... on Level 6 of the Dungeon.
             The game lasted 00:22:38 (6356 turns).

Crauler the Basher (Ogre Berserker)                 Turns: 6356, Time: 00:22:38

HP -13/93        AC  4     Str 26      XL: 9   Next:  9%
MP   9/9         EV 11     Int  6      God: Trog [*****.]
Gold 368         SH  0     Dex 10      Spells:  0 memorised,  8 levels left

rFire  . . .     SeeInvis .     a - +0 mace
rCold  . . .     Clarity  .     b - +0 animal skin
rNeg   . . .     rCorr    .     (shield restricted)
rPois  .         rRot     .     (helmet restricted)
rElec  .         Spirit   .     B - +0 cloak
SustAb .         Warding  .     (gloves unavailable)
rMut   .         Stasis   .     (boots unavailable)
Gourm  .                        f - amulet of faith
MR     .....                    J - ring of stealth
                                q - +4 ring of slaying

@: exhausted, slowed, very slow, not resistant to hostile enchantments,
unstealthy
A: unfitting armour, tough skin 1
a: Burn Spellbooks, Berserk, Trog's Hand, Brothers in Arms, Renounce Religion


You were on level 6 of the Dungeon.
You worshipped Trog.
Trog was extremely pleased with you.
You were very hungry.

You visited 1 branch of the dungeon, and saw 6 of its levels.

You collected 368 gold pieces.

Inventory:

Hand weapons
 a - a +0 mace (weapon)
 j - a +0 giant club
Missiles
 y - 6 tomahawks (quivered)
 D - 3 large rocks
 G - a throwing net
 H - 10 javelins of penetration
Armour
 b - a +0 animal skin (worn)
 B - a +0 cloak (worn)
Magical devices
 w - a wand of frost (7)
Comestibles
 c - 3 meat rations
 h - 3 beef jerkies
 l - 4 fruits
 v - 2 bread rations
 K - 5 chunks of centaur flesh
Scrolls
 d - 2 scrolls of remove curse {unknown}
 k - 6 scrolls of identify
 n - 2 scrolls of enchant weapon {unknown}
 p - 3 scrolls of enchant armour {unknown}
 t - a scroll of teleportation {unknown}
 u - a scroll of magic mapping {unknown}
 z - 2 scrolls of blinking {unknown}
 C - 2 scrolls of recharging {unknown}
Jewellery
 f - an amulet of faith (around neck)
 q - a +4 ring of slaying (left hand)
 A - the cursed ring "Schaomo" {rF+ MR+ Dex-3}
   (You found it on level 4 of the Dungeon)

   [ring of dexterity]

   It affects your dexterity (-3).
   It protects you from fire.
   It affects your resistance to hostile enchantments.
   It has a curse placed upon it.
 F - an uncursed amulet of stasis {unknown}
 J - a ring of stealth (right hand)
Potions
 e - a potion of resistance {unknown}
 g - 2 potions of heal wounds {unknown}
 i - 3 potions of curing {unknown}
 m - a potion of magic {unknown}
 o - 2 potions of might {unknown}
 r - a potion of poison {unknown}
 s - a potion of lignification {unknown}
 x - 2 potions of degeneration {unknown}
 E - a potion of confusion {unknown}
 I - a potion of restore abilities {unknown}


   Skills:
 + Level 7.2 Fighting
 * Level 9.9 Maces & Flails
 + Level 6.8 Throwing
 + Level 5.1 Dodging


You had 8 spell levels left.
You didn't know any spells.

Dungeon Overview and Level Annotations

Branches:
Dungeon (6/15)
 Temple: D:4-7

Altars:
Fedhas


Innate Abilities, Weirdness & Mutations

You are too large for most types of armour.
You have tough skin (AC +1).


Message History

The kobold shouts!
The electric eel shoots out a bolt of electricity!
The bolt of electricity hits the kobold.
The kobold dies!
The bolt of electricity hits the fungus. x3
The bolt of electricity misses you.
The electric eel shoots out a bolt of electricity!
The bolt of electricity hits the fungus. x3
The bolt of electricity hits you!
* * * LOW HITPOINT WARNING * * *
The electric eel shoots out a bolt of electricity!
The bolt of electricity hits the fungus. x3
The bolt of electricity hits you!
* * * LOW HITPOINT WARNING * * *
The electric eel shoots out a bolt of electricity!
The bolt of electricity hits the fungus. x2
The fungus is destroyed!
The bolt of electricity hits the fungus.
The bolt of electricity hits you!
You die...

#............ ......
##..#...###### ###...########
......#....... .............
..#.#...### #)..........
###.##.###### #..###....#
#.##......# ##)#...#..#..
.#.######.#########..#)⌠.#..#
# #..................#...#;≈#
...####.####@###...≈###≈≈≈≈#
#.# #.P.P%...;≈≈≈≈≈≈≈ #.#
#PPPPP...≈≈≈≈≈≈≈≈≈ #.#
#.P_.P..≈###≈≈≈≈# ...
..P.PPP..#.. #≈≈# ###
..P.P...#.⌠ . ######...#..?
##...###. #...


You could see an electric eel.

Vanquished Creatures
  An ice beast (D:5)
  A phantom (D:5)
  3 ogres
  3 centaurs
  Sigmund (D:6)
  Duvessa (D:4)
  A giant frog (D:5)
  7 scorpions (D:5)
  Dowan (D:4)
  An orc priest (D:4)
  A jelly (D:4)
  An iguana (D:6)
  An orc wizard (D:4)
  Natasha (D:6)
  A hound (D:5)
  2 worker ants
  Ijyb (D:2)
  A hound zombie (D:4)
  3 adders
  8 gnolls (D:4)
  3 green rats (D:4)
  A shadow imp (D:3)
  5 giant mites
  An adder skeleton (D:5)
  3 giant geckos
  2 oozes
  8 orcs
  19 bats
  2 giant cockroaches
  17 goblins
  9 hobgoblins
  13 kobolds
  A quokka (D:5)
  2 ball pythons
  A giant gecko skeleton (D:5)
  7 giant newts
  A giant newt zombie (D:5)
  A goblin zombie (D:5)
  A hobgoblin skeleton (D:5)
  A kobold skeleton (D:5)
  6 rats
  A fungus (D:5)
145 creatures vanquished.

Vanquished Creatures (others)
  A kobold (D:6)
  2 fungi
3 creatures vanquished.

Grand Total: 148 creatures vanquished

Notes
Turn   | Place    | Note
--------------------------------------------------------------
     0 | D:1      | Crauler, the Ogre Berserker, began the quest for the Orb.
     0 | D:1      | Reached XP level 1. HP: 24/24 MP: 1/1
   157 | D:1      | Reached XP level 2. HP: 24/32 MP: 2/2
   450 | D:1      | Acquired Trog's second power
   565 | D:1      | Reached XP level 3. HP: 35/40 MP: 3/3
   871 | D:1      | Noticed an ogre
   878 | D:1      | Killed an ogre
   878 | D:1      | Reached skill level 5 in Maces & Flails
   878 | D:1      | Reached skill level 1 in Throwing
   878 | D:1      | Reached XP level 4. HP: 49/49 MP: 4/4
   878 | D:1      | Reached XP level 5. HP: 55/55 MP: 5/5
  1014 | D:2      | Reached skill level 5 in Fighting
  1163 | D:2      | Noticed Ijyb
  1174 | D:2      | Killed Ijyb
  2025 | D:3      | Reached skill level 6 in Maces & Flails
  2287 | D:4      | Noticed Duvessa
  2301 | D:4      | Killed Duvessa
  2301 | D:4      | Reached XP level 6. HP: 9/66 MP: 6/6
  2703 | D:4      | Noticed Dowan
  2741 | D:4      | Killed Dowan
  2842 | D:4      | Reached skill level 7 in Maces & Flails
  2845 | D:4      | Acquired Trog's third power
  3086 | D:4      | Reached XP level 7. HP: 44/72 MP: 7/7
  3095 | D:4      | Got a warped amber ring
  3099 | D:4      | Identified the cursed ring "Schaomo" {rF+ MR+ Dex-3} (You found it on level 4 of the Dungeon)
  3102 | D:4      | Noticed an ogre
  3107 | D:4      | Killed an ogre
  3430 | D:4      | Reached skill level 5 in Throwing
  3531 | D:5      | Entered Level 5 of the Dungeon
  3962 | D:5      | Reached XP level 8. HP: 34/83 MP: 8/8
  4215 | D:5      | Received a gift from Trog
  4380 | D:5      | Reached skill level 8 in Maces & Flails
  5092 | D:5      | Reached skill level 9 in Maces & Flails
  5095 | D:5      | Received a gift from Trog
  6195 | D:6      | Noticed Natasha
  6199 | D:6      | Killed Natasha
  6229 | D:6      | Found a blossoming altar of Fedhas.
  6248 | D:6      | Noticed Sigmund
  6311 | D:6      | Reached skill level 5 in Dodging
  6311 | D:6      | Reached XP level 9. HP: 58/93 MP: 9/9
  6340 | D:6      | Killed Sigmund
  6347 | D:6      | Received a gift from Trog
  6356 | D:6      | HP: 1/93 [electric eel/bolt of electricity (15)]
  6356 | D:6      | Killed from afar by an electric eel

Action                   |  1- 3 |  4- 6 |  7- 9 || total
-------------------------+-------+-------+-------++-------
Melee: Mace              |    76 |   127 |   214 ||   417
       Giant club        |       |       |     1 ||     1
Throw: Javelin           |       |       |     2 ||     2
       Large rock        |       |       |     2 ||     2
       Tomahawk          |       |       |     1 ||     1
Invok: Berserk           |     1 |     4 |     3 ||     8
  Use: Scroll            |       |       |     1 ||     1
 Stab: Sleeping          |       |     1 |     1 ||     2
  Eat: Chunk             |       |     9 |    13 ||    22
       Fruit             |       |     3 |       ||     3
